 Dungeon Crawl Stone Soup version 0.28-a0-843-gb979743d38 (webtiles) character file.

Game seed: 6516698913828059979

6246 Froggeryz the Thaumaturge (level 11, 0/74 HPs)
             Began as a Djinni Fire Elementalist on Nov 12, 2021.
             Was a Priest of Fedhas.
             Slain by a vampire (4 damage)
             ... on level 6 of the Dungeon.
             The game lasted 00:16:26 (9736 turns).

Froggeryz the Thaumaturge (DjFE)                    Turns: 9736, Time: 00:16:27

Health: 0/74       AC:  7    Str:  8    XL:     11   Next: 15%
Gold:   316        EV: 13    Int: 18    God:    Fedhas [***...] SH:  0 Dex: 15

rFire   + + .      SeeInvis .   c - +2 hunting sling (freeze)
rCold   x . .      Faith    .   (no shield)
rNeg    . . .      Spirit   .   w - +0 acid dragon scales
rPois   ∞          Reflect  .   (no helmet)
rElec   .          Harm     .   (no cloak)
rCorr   +          Rampage  .   e - +0 pair of gloves
Will    +....                   (boots unavailable)
Stlth   +.........              (no amulet)
HPRegen 0.22/turn               (no ring)
MPRegen 0.00/turn               (no ring)

@: confused, flying
A: sickness immunity, fire resistance 2, cold vulnerability 1, float, innate
caster, hp casting, extra vitality 1
a: Renounce Religion, Wall of Briars, Grow Ballistomycete


You were on level 6 of the Dungeon.
You worshipped Fedhas.
Fedhas was most pleased with you.
You visited 1 branch of the dungeon, and saw 7 of its levels.

You collected 316 gold pieces.

Inventory:

Hand Weapons
 c - a +2 hunting sling of freezing (weapon)
 y - a +3 whip of electrocution
Missiles
 a - 5 curare-tipped darts
 d - 119 stones (quivered ammo)
 f - 13 sling bullets
 B - 3 boomerangs of dispersal
Armour
 e - a +0 pair of gloves (worn)
 w - +0 acid dragon scales (worn)
Jewellery
 u - an amulet of the acrobat
 C - a ring of fire
Wands
 k - a wand of digging (4)
 t - a wand of mindburst (17)
Scrolls
 g - 3 scrolls of teleportation {unknown}
 h - 3 scrolls of fog {unknown}
 i - 4 scrolls of identify {unknown}
 m - a scroll of vulnerability {unknown}
 o - 2 scrolls of fear {unknown}
 q - a scroll of brand weapon {unknown}
 s - a scroll of summoning {unknown}
Potions
 b - a potion of resistance {unknown}
 j - a potion of brilliance {unknown}
 l - a potion of berserk rage {unknown}
 n - 2 potions of haste {unknown}
 p - a potion of ambrosia {unknown}
 r - 4 potions of degeneration {unknown}
 v - a potion of lignification {unknown}


   Skills:
 - Level 4.4 Fighting
 - Level 5.0 Slings
 + Level 6.4 Dodging
 - Level 1.5 Stealth
 * Level 10.4 Spellcasting


You had 2 spell levels left.
You knew the following spells:

 Your Spells              Type           Power      Damage    Failure   Level
a - Foxfire               Conj/Fire      100%       2x1d9     1%          1
b - Scorch                Fire           94%        2d9       1%          2
c - Conjure Flame         Conj/Fire      47%        6-21      1%          3
d - Inner Flame           Hex/Fire       47%        N/A       1%          3
e - Flame Wave            Conj/Fire      47%        3d9       1%          4
f - Beastly Appendage     Tmut           94%        N/A       1%          1
g - Blink                 Tloc           94%        N/A       1%          2
h - Gell's Gravitas       Tloc           47%        N/A       1%          3
i - Passage of Golubria   Tloc           47%        N/A       1%          4
j - Borgnjor's Vile Clut  Necr/Erth      23%        N/A       5%          5
Your spell library was empty.

Dungeon Overview and Level Annotations

Branches:
Dungeon (7/15)             Temple (0/1) D:7

Altars:
Fedhas
Qazlal

Shops:
D:4 :


Innate Abilities, Weirdness & Mutations

You are immune to sickness and miasma.
You are immune to poison.
Your flesh is very heat resistant. (rF++)
You are vulnerable to cold. (rC-)
You float through the air rather than walking.
You learn spells naturally, not from books.
Your magical power is your life essence.
You have superior vitality. (+4 HP)


Message History

You conjure some foxfire!
You hear some strange, mumbled words.
You are confused.
You're too confused to cast spells.
Okay, then.
Unknown command.
You clumsily bash your foxfire but do no damage.
The foxfire hits something.
The foxfire hits something but does no damage.
Something hits you! Something bites you. Something hits you but does no damage.
Something bites you. Something hits you. Something bites you.
You closely miss something.
You feel less confused. Something hits you.
* * * LOW HITPOINT WARNING * * *
Something bites you but does no damage.
Casting: Foxfire (safe; 1% risk of failure)
Confirm with . or Enter, or press ? or * to list all spells.
You conjure some foxfire!
* * * LOW HITPOINT WARNING * * *
Something hits you!
* * * LOW HITPOINT WARNING * * *
Something bites you!
* * * LOW HITPOINT WARNING * * *
Casting: Foxfire (safe; 1% risk of failure)
Confirm with . or Enter, or press ? or * to list all spells.
You don't have enough health to cast this spell.
The foxfire hits something but does no damage. x2
Okay, then.
You hear some strange, mumbled words.
You are confused.
You hear some strange, mumbled words.
Something tries to affect you, but you resist.
You're too confused to move!
You hear some strange, mumbled words.
You are more confused.
Something hits you.
You die...
Fedhas appreciates your contribution to the ecosystem.

##### #.>.......#
....# #.........##
###.#####..........##
#.................##
#.....#...>........#
###.[####............#
.....####....>.......#
.......##.##.........#
######..........@....#
..# ##.#.###...<...##
..### #.#.##.........#
.≈≈.###.#.##......#.##
≈≈≈≈......##......#.#
♣♣≈≈.....###......#.#
♣≈.###..# #......#.#
♣♣≈≈.##..# ##.#####.#
≈≈≈≈.##..# #......^#


There were no monsters in sight!

Vanquished Creatures
  A hydra (D:7)
  A two-headed ogre (D:6)
  A death knight (D:6)
  A deep elf pyromancer (D:7)
  Maggie (D:6)
  A shadow (D:7)
  2 steam dragons (D:7)
  An acid dragon (D:5)
  2 water moccasins
  Menkaure (D:7)
  An orc warrior (D:7)
  2 sky beasts
  2 black bears
  An ice beast (D:6)
  A necrophage (D:6)
  8 ogres
  2 centaurs
  A kobold brigand (D:7)
  A bullfrog (D:7)
  2 scorpions
  A wyvern skeleton (D:6)
  3 wights (D:7)
  4 water moccasin skeletons
  5 electric eels (D:6)
  A bullfrog zombie (D:7)
  A jelly (D:5)
  2 hounds
  3 centaur skeletons (D:7)
  2 orc priests
  2 bullfrog skeletons (D:6)
  A scorpion zombie (D:5)
  An iguana (D:5)
  10 adders
  4 gnolls (D:3)
  A howler monkey skeleton (D:5)
  A white imp (D:7)
  An adder zombie (D:5)
  3 worms
  2 dart slugs
  15 orcs
  4 bats
  5 endoplasms
  4 giant cockroaches
  8 goblins
  6 hobgoblins
  5 jackals
  6 kobolds
  A quokka (D:3)
  8 ball pythons
  5 frilled lizards
  4 rats
152 creatures vanquished.

Vanquished Creatures (others)
  An orc wizard (D:6)
  A gnoll (D:7)
  A bush (D:7)
  543 foxfires
  12 plants (D:7)
558 creatures vanquished.

Grand Total: 710 creatures vanquished

Notes
Turn   | Place    | Note
-------+----------+-------------------------------------------
     0 | D:1      | Froggeryz the Djinni Fire Elementalist began the quest for
                  | the Orb.
     0 | D:1      | Reached XP level 1. HP: 15/15 MP: 0/0
   243 | D:1      | Reached XP level 2. HP: 18/21 MP: 0/0
   858 | D:1      | Reached XP level 3. HP: 25/25 MP: 0/0
   858 | D:1      | Learned a level 1 spell: Beastly Appendage
   916 | D:1      | Found a faded altar of an unknown god.
   970 | D:1      | Prayed at the altar of an unknown god.
   970 | D:1      | Became a worshipper of Fedhas Madash
   970 | D:1      | Reached * piety under Fedhas
   974 | D:1      | Reached skill level 3 in Spellcasting
  1368 | D:2      | Reached skill level 1 in Slings
  1402 | D:2      | Reached XP level 4. HP: 31/31 MP: 0/0
  2061 | D:2      | Reached ** piety under Fedhas
  2318 | D:2      | Reached XP level 5. HP: 35/35 MP: 0/0
  2318 | D:2      | Learned a level 2 spell: Blink
  2479 | D:3      | Found a stormy altar of Qazlal.
  3123 | D:3      | Reached XP level 6. HP: 31/40 MP: 0/0
  3629 | D:4      | Reached skill level 4 in Spellcasting
  3730 | D:4      | Noticed an ogre
  3735 | D:4      | Killed an ogre
  3736 | D:4      | Reached skill level 1 in Fighting
  3942 | D:4      | Noticed an ogre
  3950 | D:4      | Killed an ogre
  3951 | D:4      | Reached XP level 7. HP: 41/49 MP: 0/0
  3951 | D:4      | Learned a level 3 spell: Gell's Gravitas
  4241 | D:4      | Reached skill level 5 in Spellcasting
  4309 | D:4      | Reached *** piety under Fedhas
  4506 | D:4      | Found Apsao's Book Emporium.
  4834 | D:5      | Entered Level 5 of the Dungeon
  4846 | D:5      | Reached XP level 8. HP: 43/56 MP: 0/0
  5186 | D:5      | Reached skill level 6 in Spellcasting
  5265 | D:5      | Identified the +6 mace "Pishromunk" {drain, rN+ Will- Str+2
                  | Int+2}
  5661 | D:6      | Noticed a two-headed ogre
  5691 | D:6      | Killed a two-headed ogre
  5692 | D:6      | Reached skill level 7 in Spellcasting
  5692 | D:6      | Reached XP level 9. HP: 42/63 MP: 0/0
  5692 | D:6      | Learned a level 4 spell: Passage of Golubria
  6176 | D:6      | Reached skill level 8 in Spellcasting
  6322 | D:6      | Reached **** piety under Fedhas
  6337 | D:6      | Noticed Maggie
  6350 | D:6      | Killed Maggie
  6410 | D:6      | Reached XP level 10. HP: 66/69 MP: 0/0
  6819 | D:6      | Reached skill level 5 in Slings
  7007 | D:7      | Noticed a death knight
  7009 | D:7      | Noticed a deep elf pyromancer
  7164 | D:6      | Reached skill level 9 in Spellcasting
  7569 | D:6      | Killed a death knight
  8024 | D:7      | Noticed a four-headed hydra
  8052 | D:7      | Killed a deep elf pyromancer
  8053 | D:7      | Reached skill level 5 in Dodging
  8296 | D:7      | Found a staircase to the Ecumenical Temple.
  8298 | D:7      | Noticed Menkaure
  8300 | D:7      | Killed Menkaure
  8449 | D:7      | Reached skill level 10 in Spellcasting
  8813 | D:7      | HP: 2/69 [centaur (2)]
  8820 | D:7      | HP: 1/69 [centaur/arrow (4)]
  9215 | D:7      | Reached XP level 11. HP: 40/74 MP: 0/0
  9215 | D:7      | Learned a level 5 spell: Borgnjor's Vile Clutch
  9560 | D:7      | Killed a four-headed hydra
  9692 | D:7      | Noticed a cyclops
  9693 | D:7      | Noticed a deep elf pyromancer
  9694 | D:7      | Noticed a white ugly thing
  9725 | D:6      | HP: 1/74 [something (8)]
  9736 | D:6      | Slain by a vampire

Illustrated notes

Levels and vault maps discovered:
D:1:      amcnicky_arrival_blooded_trapdoor, layout_loops_ring,
          basic_ecumenical_altar
D:2:      layout_loops_cross
D:3:      layout_basic, lemuel_round_altar, st_stairs_11,
          chequers_hall_statues_wall_a, chequers_serial_rivers_room_b
D:4:      layout_cave_pods, serial_shops, nicolae_shop_crystal
D:5:      layout_basic, st_stairs_4
D:6:      layout_rooms, supply_closet_lemuel, corner_web_ring, kennysheep_boxes,
          uniq_maggie
D:7:      minmay_the_grid_plus_closed [minmay_the_grid_embedded,
          minmay_the_grid_garden, minmay_the_grid_fan, minmay_the_grid_doors,
          minmay_the_grid_prize_shrinking_boxes], layout_loops_ring,
          kb_lookout_dungeons_type, uniq_menkaure

Skill      XL: |  1  2  3  4  5  6  7  8  9 10 11 |
---------------+----------------------------------+-----
Spellcasting   | 3 4 5 7 8 10 | 10.4
Slings         | 1 2 3 4 5 |  5.0
Fighting       | 2 3 4 |  4.4
Dodging        | 5 6 |  6.4
Stealth        | |  1.5

Action                   |  1- 3 |  4- 6 |  7- 9 | 10-12 || total
-------------------------+-------+-------+-------+-------++-------
Melee: Whip              |       |       |    10 |       ||    10
       Hunting sling     |       |       |       |     2 ||     2
 Fire: Hunting sling     |    52 |    86 |    14 |    48 ||   200
 Cast: Foxfire           |    23 |    56 |   127 |   131 ||   337
       Scorch            |       |     6 |     9 |    18 ||    33
       Gell's Gravitas   |       |       |     1 |       ||     1
       Conjure Flame     |       |       |     2 |     2 ||     4
       Flame Wave        |       |       |     1 |     6 ||     7
       Blink             |       |       |     1 |     4 ||     5
       Borgnjor's Vile C |       |       |       |     4 ||     4
  Use: Scroll            |       |       |       |     2 ||     2
       Potion            |       |       |       |     2 ||     2
 Stab: Sleeping          |       |       |     1 |       ||     1
Armor: Robe              |     9 |    11 |     7 |       ||    27
       Acid dragon scale |       |       |       |    27 ||    27
Dodge: Dodged            |     9 |    19 |    10 |    50 ||    88

Table legend: (Time is in decaauts)
 A = Elapsed time spent in this place.
 B = Non-inter-level travel time spent in this place.
 C = Inter-level travel time spent in this place.
 D = Time resting spent in this place.
 E = Time spent auto-exploring this place.
 F = Levels seen in this place.
 G = Mean time per level.
                   A        B        C        D        E       F      G
               +--------+--------+--------+--------+--------+-----+--------+
         Total |   9760 |   9512 |    248 |   1350 |   6735 |   7 | 1394.3 |
       Dungeon |   9760 |   9512 |    248 |   1350 |   6735 |   7 | 1394.3 |
               +--------+--------+--------+--------+--------+-----+--------+

Top non-repeatable levels by time:
     D:6: 2452 daAuts
     D:7: 1764 daAuts
     D:1: 1310 daAuts
     D:4: 1248 daAuts
     D:3: 1203 daAuts
     D:2: 1089 daAuts
     D:5: 691 daAuts
